3A
PROVO MANGO @ PUT-IN-BAY BC
07/27/2030
 
TOP OF THE 1ST
Provo Mango batting - Pitching for Put-In-Bay BC : LHP Otton Brouwer
Pitching: LHP Otton Brouwer
Batting: RHB Shihei Kichikawa 0-0: Ball
1-0: Ground out 4-3 (Groundball, 4)
Batting: RHB Mike Bean 0-0: Ball
1-0: DOUBLE (Flyball, 89D)
Batting: RHB Jeff Hunter 0-0: Called Strike
0-1: Ball
1-1: Ball
2-1: Foul Ball, location: 2F
2-2: Ball
3-2: SINGLE (Groundball, 4) (infield hit)
Mike Bean to third
Batting: RHB Xi-ku See-to 0-0: Ball
1-0: Called Strike
1-1: Ball
2-1: Ball
Jeff Hunter is caught stealing 2nd base
3-1: Base on Balls
Batting: RHB Mario van Heijbeeck 0-0: Ball
1-0: Reached on error, E6 (Groundball, 6)
Mike Bean scores
Xi-ku See-to to second
Batting: SHB Tommy Dreamer 0-0: Ball
1-0: Called Strike
1-1: Fly out, F8 (Flyball, 8RD)
Top of the 1st over - 1 run, 2 hits, 1 error, 2 left on base; Provo 1 - Put-In-Bay 0
BOTTOM OF THE 1ST
Put-In-Bay BC batting - Pitching for Provo Mango : RHP Edmund Blackadder
Pitching: RHP Edmund Blackadder
Batting: RHB Mario Chávez 0-0: Ball
1-0: Foul Ball, location: 2F
1-1: Swinging Strike
1-2: Strikes out looking
Batting: RHB Steve Albright 0-0: Called Strike
0-1: Foul Ball, location: 2F
0-2: Ball
1-2: Foul Ball, location: 2F
1-2: Ball
2-2: Ball
3-2: Strikes out looking
Batting: LHB Adrian McCoy 0-0: Called Strike
0-1: Called Strike
0-2: Foul Ball, location: 2F
0-2: Ball
1-2: Ball
2-2: Foul Ball, location: 2F
2-2: Ball
3-2: DOUBLE (Line Drive, 9LS)
Batting: RHB Wally Briggs 0-0: Fly out, F9 (Line Drive, 89S)
Bottom of the 1st over - 0 runs, 1 hit, 0 errors, 1 left on base; Provo 1 - Put-In-Bay 0
TOP OF THE 2ND
Provo Mango batting - Pitching for Put-In-Bay BC : LHP Otton Brouwer
Batting: RHB Sun-jae Kwak 0-0: Called Strike
0-1: Foul Ball, location: 2F
0-2: Ball
1-2: Strikes out swinging
Batting: RHB Gerardo Vázquez 0-0: Ball
1-0: Ball
2-0: Foul Ball, location: 2F
2-1: Called Strike
2-2: DOUBLE (Line Drive, 9LS)
Batting: LHB Tom Haymon 0-0: Ball
Gerardo Vázquez steals 3rd base
1-0: Foul Ball, location: 2F
1-1: SINGLE (Flyball, 9S)
Gerardo Vázquez scores
Batting: RHB Shihei Kichikawa 0-0: Ball
1-0: Foul Ball, location: 2F
1-1: Ball
2-1: Swinging Strike
2-2: Foul Ball, location: 2F
2-2: Foul Ball, location: 2F
2-2: Foul Ball, location: 2F
2-2: Ball
3-2: Strikes out looking
Batting: RHB Mike Bean 0-0: Ball
1-0: Ball
2-0: SINGLE (Flyball, 89S)
Tom Haymon to second
Runner from 2nd tries for 3rd, SAFE, no throw
Batting: RHB Jeff Hunter 0-0: Ball
1-0: Foul Ball, location: 2F
1-1: Ball
2-1: Ball
3-1: Called Strike
3-2: Strikes out swinging, 2-3 out at first.
Top of the 2nd over - 1 run, 3 hits, 0 errors, 2 left on base; Provo 2 - Put-In-Bay 0
BOTTOM OF THE 2ND
Put-In-Bay BC batting - Pitching for Provo Mango : RHP Edmund Blackadder
Batting: RHB Al Grant 0-0: Called Strike
0-1: Swinging Strike
0-2: Ball
1-2: SINGLE (Flyball, 78S)
Batting: RHB Adam Khan 0-0: Called Strike
0-1: Ball
1-1: Called Strike
1-2: Strikes out swinging
Batting: RHB Oscar McMillan 0-0: Foul Ball, location: 2F
0-1: Called Strike
0-2: Foul Ball, location: 2F
0-2: DOUBLE (Line Drive, 89D)
Al Grant to third
Batting: RHB Álex Maroto 0-0: Ground out 4-3 (Groundball, 4M)
Al Grant scores
Oscar McMillan to third
Batting: RHB Vic Funnell 0-0: Ball
1-0: Ball
2-0: Called Strike
2-1: Ball
3-1: Foul Ball, location: 2F
3-2: Strikes out swinging
Bottom of the 2nd over - 1 run, 2 hits, 0 errors, 1 left on base; Provo 2 - Put-In-Bay 1
TOP OF THE 3RD
Provo Mango batting - Pitching for Put-In-Bay BC : LHP Otton Brouwer
Batting: RHB Xi-ku See-to 0-0: Ball
1-0: Swinging Strike
1-1: Ball
2-1: Ball
3-1: Called Strike
3-2: Foul Ball, location: 2F
3-2: SINGLE (Groundball, 6MD)
Batting: RHB Mario van Heijbeeck 0-0: Ball
1-0: Swinging Strike
1-1: Fly out, F7 (Flyball, 7D)
Batting: SHB Tommy Dreamer 0-0: Swinging Strike
0-1: Ground out U3 (Groundball, 3)
Xi-ku See-to to second
Batting: RHB Sun-jae Kwak 0-0: 2-RUN HOME RUN (Flyball, 78XD), Distance : 415 ft
Batting: RHB Gerardo Vázquez 0-0: Swinging Strike
0-1: Called Strike
0-2: Ball
1-2: Strikes out swinging
Top of the 3rd over - 2 runs, 2 hits, 0 errors, 0 left on base; Provo 4 - Put-In-Bay 1
BOTTOM OF THE 3RD
Put-In-Bay BC batting - Pitching for Provo Mango : RHP Edmund Blackadder
Batting: RHB Mario Chávez 0-0: Called Strike
0-1: Ball
1-1: Foul Ball, location: 2F
1-2: Ball
2-2: Ball
3-2: Ground out U3 (Groundball, 3L)
Batting: RHB Steve Albright 0-0: Called Strike
0-1: Swinging Strike
0-2: Ball
1-2: Strikes out swinging
Batting: LHB Adrian McCoy 0-0: Ball
1-0: Foul Ball, location: 2F
1-1: Ball
2-1: Ball
3-1: DOUBLE (Flyball, 89D)
Batting: RHB Wally Briggs 0-0: Foul Ball, location: 2F
0-1: Ball
1-1: Ball
2-1: Ball
3-1: Base on Balls
Batting: RHB Al Grant 0-0: Called Strike
0-1: Ball
1-1: Ground out 1-3 (Groundball, 13)
Bottom of the 3rd over - 0 runs, 1 hit, 0 errors, 2 left on base; Provo 4 - Put-In-Bay 1
TOP OF THE 4TH
Provo Mango batting - Pitching for Put-In-Bay BC : LHP Otton Brouwer
Batting: LHB Tom Haymon 0-0: Ball
1-0: Swinging Strike
1-1: Foul Ball, location: 2F
1-2: Ball
2-2: Ball
3-2: Foul Ball, location: 2F
3-2: Foul Ball, location: 2F
3-2: Foul Ball, location: 2F
3-2: Ground out U3 (Groundball, 3L)
Batting: RHB Shihei Kichikawa 0-0: Foul Ball, location: 2F
0-1: Ball
1-1: Fly out, F5 (Line Drive, 56)
Batting: RHB Mike Bean 0-0: Called Strike
0-1: Ball
1-1: Foul Ball, location: 2F
1-2: Foul Ball, location: 2F
1-2: Ground out 5-3 (Groundball, 56)
Top of the 4th over - 0 runs, 0 hits, 0 errors, 0 left on base; Provo 4 - Put-In-Bay 1
BOTTOM OF THE 4TH
Put-In-Bay BC batting - Pitching for Provo Mango : RHP Edmund Blackadder
Batting: RHB Adam Khan 0-0: Foul Ball, location: 2F
0-1: Called Strike
0-2: Ball
1-2: Ground out 6-3 (Groundball, 56)
Batting: RHB Oscar McMillan 0-0: Swinging Strike
0-1: Ball
1-1: Fly out, F8 (Flyball, 8LXD)
Batting: RHB Álex Maroto 0-0: Ball
1-0: Foul Ball, location: 2F
1-1: Ball
2-1: Foul Ball, location: 2F
2-2: Ball
3-2: Ground out 5-3 (Groundball, 56)
Bottom of the 4th over - 0 runs, 0 hits, 0 errors, 0 left on base; Provo 4 - Put-In-Bay 1
TOP OF THE 5TH
Provo Mango batting - Pitching for Put-In-Bay BC : LHP Otton Brouwer
Batting: RHB Jeff Hunter 0-0: Ball
1-0: Foul Ball, location: 2F
1-1: Ball
2-1: Swinging Strike
2-2: Foul Ball, location: 2F
2-2: Ball
3-2: Foul Ball, location: 2F
3-2: Foul Ball, location: 2F
3-2: Base on Balls
Batting: RHB Xi-ku See-to 0-0: Ball
1-0: Called Strike
1-1: Fly out, F7 (Flyball, 7S)
Batting: RHB Mario van Heijbeeck 0-0: Fly out, F9 (Flyball, 9S)
Batting: SHB Tommy Dreamer 0-0: Ball
Jeff Hunter is caught stealing 2nd base
Top of the 5th over - 0 runs, 0 hits, 0 errors, 0 left on base; Provo 4 - Put-In-Bay 1
BOTTOM OF THE 5TH
Put-In-Bay BC batting - Pitching for Provo Mango : RHP Edmund Blackadder
Batting: RHB Vic Funnell 0-0: Swinging Strike
0-1: Swinging Strike
0-2: Strikes out swinging
Batting: RHB Mario Chávez 0-0: Called Strike
0-1: Ball
1-1: SINGLE (Groundball, 6MD)
Batting: RHB Steve Albright 0-0: Ball
1-0: Swinging Strike
1-1: Swinging Strike
1-2: Ball
2-2: Foul Ball, location: 2F
2-2: Foul Ball, location: 2F
2-2: Foul Ball, location: 2F
2-2: Grounds into double play, 6-4-3 (Groundball, 6)
Bottom of the 5th over - 0 runs, 1 hit, 0 errors, 0 left on base; Provo 4 - Put-In-Bay 1
TOP OF THE 6TH
Provo Mango batting - Pitching for Put-In-Bay BC : LHP Otton Brouwer
Batting: SHB Tommy Dreamer 0-0: Ball
1-0: Ball
2-0: Foul Ball, location: 2F
2-1: Called Strike
2-2: Ball
3-2: Ground out 6-3 (Groundball, 6)
Batting: RHB Sun-jae Kwak 0-0: Ball
1-0: Swinging Strike
1-1: Fly out, F9 (Flyball, 89D)
Batting: RHB Gerardo Vázquez 0-0: Fly out, F6 (Popup, 6)
Top of the 6th over - 0 runs, 0 hits, 0 errors, 0 left on base; Provo 4 - Put-In-Bay 1
BOTTOM OF THE 6TH
Put-In-Bay BC batting - Pitching for Provo Mango : RHP Edmund Blackadder
Batting: LHB Adrian McCoy 0-0: Ball
1-0: Foul Ball, location: 2F
1-1: Ball
2-1: Called Strike
2-2: Ball
3-2: Foul Ball, location: 2F
3-2: Foul Ball, location: 2F
3-2: SOLO HOME RUN (Flyball, 89XD), Distance : 424 ft
Pitching: RHP Augusto Rumina
Batting: RHB Wally Briggs 0-0: Ground out 4-3 (Groundball, 4S)
Batting: RHB Al Grant 0-0: SINGLE (Flyball, 8LS)
Batting: RHB Adam Khan 0-0: Called Strike
0-1: Called Strike
0-2: Reached on error, E9 (Flyball, 9S)
Al Grant to second
Batting: RHB Oscar McMillan 0-0: Called Strike
0-1: Ball
1-1: Called Strike
1-2: Strikes out swinging
Batting: RHB Álex Maroto 0-0: Ball
1-0: Foul Ball, location: 2F
1-1: Swinging Strike
1-2: Ball
2-2: Foul Ball, location: 2F
2-2: Fly out, F8 (Flyball, 8LS)
Bottom of the 6th over - 1 run, 2 hits, 1 error, 2 left on base; Provo 4 - Put-In-Bay 2
TOP OF THE 7TH
Provo Mango batting - Pitching for Put-In-Bay BC : LHP Otton Brouwer
Batting: LHB Tom Haymon 0-0: Ball
1-0: Ball
2-0: Called Strike
2-1: Foul Ball, location: 2F
2-2: Ball
3-2: Foul Ball, location: 2F
3-2: Ground out 4-3 (Groundball, 4)
Batting: RHB Shihei Kichikawa 0-0: Foul Ball, location: 2F
0-1: Fly out, F8 (Flyball, 8RD)
Batting: RHB Mike Bean 0-0: Ball
1-0: SINGLE (Flyball, 9LS)
Pitching: RHP Gustavo Andrade
Batting: RHB Jeff Hunter 0-0: Ball
1-0: Foul Ball, location: 2F
1-1: Ball
2-1: Ground out 4-3 (Groundball, 4)
Top of the 7th over - 0 runs, 1 hit, 0 errors, 1 left on base; Provo 4 - Put-In-Bay 2
BOTTOM OF THE 7TH
Put-In-Bay BC batting - Pitching for Provo Mango : RHP Augusto Rumina
Batting: RHB Vic Funnell 0-0: Called Strike
0-1: Called Strike
0-2: Foul Ball, location: 2F
0-2: Ball
1-2: Foul Ball, location: 2F
1-2: Strikes out swinging
Batting: RHB Mario Chávez 0-0: Ball
1-0: Ball
2-0: Foul Ball, location: 2F
2-1: Ground out 6-3 (Groundball, 6S)
Batting: RHB Steve Albright 0-0: Called Strike
0-1: Ball
1-1: Ball
2-1: Ball
3-1: Foul Ball, location: 2F
3-2: Base on Balls
Batting: LHB Adrian McCoy 0-0: Ball
1-0: SINGLE (Groundball, 4D)
Steve Albright to second
Runner from 2nd tries for 3rd, SAFE, no throw
Batting: RHB Wally Briggs 0-0: Foul Ball, location: 2F
0-1: Ball
1-1: SINGLE (Flyball, 8RS)
Steve Albright scores
Adrian McCoy to second
Runner from 2nd tries for 3rd, SAFE, no throw
Batting: RHB Al Grant 0-0: Foul Ball, location: 2F
0-1: Ball
1-1: Called Strike
1-2: Strikes out swinging
Bottom of the 7th over - 1 run, 2 hits, 0 errors, 2 left on base; Provo 4 - Put-In-Bay 3
TOP OF THE 8TH
Provo Mango batting - Pitching for Put-In-Bay BC : RHP Gustavo Andrade
Batting: RHB Xi-ku See-to 0-0: Foul Ball, location: 2F
0-1: Ball
1-1: Ball
2-1: Swinging Strike
2-2: Reached on error, E5 (Groundball, 56S)
Batting: RHB Mario van Heijbeeck 0-0: Ball
1-0: Foul Ball, location: 2F
1-1: Ball
2-1: Swinging Strike
2-2: Foul Ball, location: 2F
2-2: Foul Ball, location: 2F
2-2: Strikes out swinging
Batting: SHB Tommy Dreamer 0-0: Ball
1-0: Ball
2-0: Fly out, F8 (Flyball, 89D)
Batting: RHB Sun-jae Kwak 0-0: Foul Ball, location: 2F
0-1: Called Strike
0-2: Strikes out swinging
Top of the 8th over - 0 runs, 0 hits, 1 error, 1 left on base; Provo 4 - Put-In-Bay 3
BOTTOM OF THE 8TH
Put-In-Bay BC batting - Pitching for Provo Mango : RHP Augusto Rumina
Now at 2B: Rocky Zolman
Batting: RHB Adam Khan 0-0: Ground out 6-3 (Groundball, 6)
Batting: RHB Oscar McMillan 0-0: Called Strike
0-1: Foul Ball, location: 2F
0-2: Ball
1-2: Fly out, F4 (Popup, 4S)
Batting: RHB Álex Maroto 0-0: Called Strike
0-1: Foul Ball, location: 2F
0-2: Foul Ball, location: 2F
0-2: Foul Ball, location: 2F
0-2: Ground out 5-3 (Groundball, 56)
Bottom of the 8th over - 0 runs, 0 hits, 0 errors, 0 left on base; Provo 4 - Put-In-Bay 3
TOP OF THE 9TH
Provo Mango batting - Pitching for Put-In-Bay BC : RHP Gustavo Andrade
Pitching: RHP Tupac Blanch
Batting: RHB Gerardo Vázquez 0-0: Ground out 5-3 (Groundball, 56S)
Batting: LHB Tom Haymon 0-0: Ball
1-0: Foul Ball, location: 2F
1-1: Ball
2-1: Ball
3-1: Base on Balls
Batting: RHB Shihei Kichikawa 0-0: Ball
Tom Haymon is caught stealing 2nd base
1-0: Ball
2-0: Ball
3-0: Base on Balls
Pinch Hitting: LHB Ling Li 0-0: Called Strike
0-1: Ball
1-1: Ball
2-1: Fielders Choice at 2nd, U4 (Groundball, 4M)
Top of the 9th over - 0 runs, 0 hits, 0 errors, 1 left on base; Provo 4 - Put-In-Bay 3
BOTTOM OF THE 9TH
Put-In-Bay BC batting - Pitching for Provo Mango : RHP Augusto Rumina
Pitching: LHP Román Ornelas
Now at 3B: Ling Li
Pinch Hitting: SHB Yushua Harith 0-0: Swinging Strike
0-1: Ball
1-1: Swinging Strike
1-2: Ball
2-2: Ball
3-2: Foul Ball, location: 2F
3-2: Foul Ball, location: 2F
3-2: Base on Balls
Batting: RHB Mario Chávez 0-0: Ball
1-0: Bunt - Flyout! F1
Batting: RHB Steve Albright 0-0: Called Strike
0-1: Ball
1-1: Ball
2-1: Ball
3-1: Foul Ball, location: 2F
3-2: Base on Balls
Yushua Harith to second
Batting: LHB Adrian McCoy 0-0: SINGLE (Groundball, 3D)
Yushua Harith to third
Steve Albright to second
Runner from 3rd tries for Home, throw and OUT!
Steve Albright to third
Adrian McCoy to second
Batting: RHB Wally Briggs 0-0: Ball
1-0: Ball
2-0: Foul Ball, location: 2F
2-1: Ball
3-1: Base on Balls
Batting: RHB Al Grant 0-0: Ball
1-0: Foul Ball, location: 2F
1-1: Called Strike
1-2: Ball
2-2: SINGLE (Line Drive, 4D)
Steve Albright scores
Adrian McCoy to third
Wally Briggs to second
Runner from 3rd tries for Home, SAFE, no throw
GAME OVER ... PUT
In-Bay defeats Provo, 5 to 4
Sunday, March 18th, 2018 - OOTP Baseball 18.8 Build 76